cohdb
Replays
Latest Replays
All Replays
Popular Replays
Top Player Replays
Match Explorer
How It Works
Community
CoH3 Stats
Reddit
Sign in to upload your games and track your stats! →
Sign in with Steam
Match 45902358
Unlisted
Match 45902358
Overview
Messages
Build Orders
End
Engineer Squad
Construct Barracks
Selects Armored Battlegroup
Selects Veteran Crews
Riflemen Squad
1⁄4-ton 4x4 Truck
Riflemen Squad
Infantry Support Center
Construct Motor Pool
M8 Greyhound Armored Car
Selects Strength in Steel
Construct Medical Station
Grenade Package
M1 Anti-tank Gun Team
Selects M31 Recovery Vehicle
Grenade Package
Riflemen Squad
M1918 Browning Automatic Rifles
Construct Tank Depot
Selects Seek and Destroy
Selects UNKNOWN (2160077)
Engineer Squad
M1 Anti-tank Gun Team
Selects War Machine
M4A3E8 Sherman Easy Eight
M4A3E8 Sherman Easy Eight
M1 Anti-tank Gun Team
M4A3E8 Sherman Easy Eight
M4A3E8 Sherman Easy Eight
Alfonso
Treadz
0
0
Comments
sign in to comment!
No comments posted yet!